 Dungeon Crawl Stone Soup version 0.24-a0-41-gf098211c9e (webtiles) character file.

Game seed: 6513088802557295484

55726 Flugslaktarn the Severer (level 14, 0/132 HPs)
             Began as a Deep Dwarf Fighter on Feb 3, 2019.
             Was the Champion of Makhleb.
             Slain by a redback (7 damage)
             ... on level 1 of the Spider Nest.
             The game lasted 00:12:10 (13262 turns).

Flugslaktarn the Severer (Deep Dwarf Fighter)      Turns: 13262, Time: 00:12:10

Health: 0/132      AC: 16    Str: 24    XL:     14   Next: 39%
Magic:  4/4        EV:  8    Int: 13    God:    Makhleb [******]
Gold:   1324       SH:  0    Dex: 16    Spells: 13/13 levels left

rFire    + . .     SeeInvis +   D - +2 broad axe (drain)
rCold    . . .     Gourm    .   I - +3 shield "Odaigir" {Dex+4 Stlth+}
rNeg     + . .     Faith    .   y - +0 chain mail {rPois}
rPois    +         Spirit   .   (no helmet)
rElec    +         Reflect  .   r - +0 cloak
rCorr    .         Harm     .   A - +0 pair of gloves
MR       ++...                  O - +0 pair of boots of the Hot Ocelot {rElec Regen+ Int+3 SInv}
Stlth    ..........             C - amulet of the acrobat
HPRegen  0.00/turn              f - ring of protection from fire
MPRegen  0.09/turn              (no ring)

@: confused, lethally poisoned (0 -> -4), non-regenerating
A: damage resistance, heal wounds, negative energy resistance 1, sense
surroundings 2, no regeneration
a: Heal Wounds, Minor Destruction, Lesser Servant of Makhleb, Major Destruction,
Greater Servant of Makhleb, Renounce Religion


You were on level 1 of the Spider Nest.
You worshipped Makhleb.
Makhleb was exalted by your worship.
You were near starving.

You visited 5 branches of the dungeon, and saw 20 of its levels.
You also visited: Ice Cave.

You collected 1957 gold pieces.
You spent 633 gold pieces at shops.

Inventory:

Hand Weapons
 D - a +2 broad axe of draining (weapon)
Missiles
 z - a throwing net (quivered)
Armour
 a - a +1 shield of reflection
 r - a +0 cloak (worn)
 y - a +0 chain mail of poison resistance (worn)
 A - a +0 pair of gloves (worn)
 I - the +3 shield "Odaigir" (worn) {Dex+4 Stlth+}
   (You found it on level 3 of the Lair of Beasts)

   It affects your dexterity (+4).
   It makes you more stealthy.
 O - the +0 pair of boots of the Hot Ocelot (worn) {rElec Regen+ Int+3 SInv}
   (You found it on level 6 of the Lair of Beasts)

   It affects your intelligence (+3).
   It insulates you from electricity.
   It lets you see invisible.
   It increases your rate of regeneration.
Jewellery
 f - a ring of protection from fire (left hand)
 C - an amulet of the acrobat (around neck)
Wands
 n - a wand of acid (8) {@v2}
 E - a wand of scattershot (6) {@v5}
 G - a wand of iceblast (25) {@v4}
 L - a wand of digging (8) {@v1}
 M - a wand of clouds (5) {@v3}
Scrolls
 c - 2 scrolls of identify {@r1}
 k - a scroll of magic mapping
 o - 4 scrolls of enchant armour
 q - 8 scrolls of teleportation {@r3}
 s - 3 scrolls of enchant weapon
 t - 3 scrolls of fog
 u - 3 scrolls of remove curse {@r2}
 v - a scroll of fear
 x - 5 scrolls of blinking {@r4}
Potions
 b - 3 potions of flight
 d - 2 potions of might {@q4}
 e - a potion of cancellation
 g - 4 potions of haste {@q3}
 h - 3 potions of brilliance
 i - 3 potions of magic
 j - 5 potions of curing {@q1}
 l - 2 potions of heal wounds {@q2}
 m - a potion of invisibility
 p - 2 potions of lignification
 w - a potion of mutation
 H - a potion of berserk rage {unknown}
Comestibles
 R - 29 rations {@e1}


   Skills:
 + Level 10.2 Fighting
 * Level 15.7 Axes
 + Level 11.9 Armour
 + Level 11.9 Shields
 + Level 12.8 Invocations


You had 13 spell levels left.
You didn't know any spells.
Your spell library was empty.

Dungeon Overview and Level Annotations

Branches:
Dungeon (10/15)            Temple (1/1) D:6            Lair (6/6) D:9
 Shoals (0/4) Lair:3       Spider (1/4) Lair:4        Slime (0/5) Lair:6
    Orc (2/2) D:10            Elf (0/3) Orc:2

Altars:
Ashenzari
Cheibriados
Dithmenos
Elyvilon
Fedhas
Gozag
Makhleb
Nemelex Xobeh
Okawaru
Qazlal
Sif Muna
Trog
Uskayaw
Vehumet
Wu Jian
Xom
Yredelemnul
Zin
The Shining One

Shops:
D:5 ?   D:7 ?   D:9 =   Orc:2 %*(}

Annotations:
D:8 exclusion: statue
Orc:1 exclusion: oklob plant


Innate Abilities, Weirdness & Mutations

You are resistant to damage.
You can heal yourself by infusing magical energy.
You resist negative energy. (rN+)
You passively map the area around you.
You do not regenerate.


Message History

The redback misses you. The redback bites you!
* * * LOW HITPOINT WARNING * * *
You are poisoned.
The redback poisons you!
You feel very sick.
You feel very sick. The redback barely misses you.
You closely miss the redback.
The redback is moderately wounded.
You feel sick.
The redback bites you but does no damage.
You're too confused!
You're too confused to move!
You feel sick. The redback bites you!
* * * LOW HITPOINT WARNING * * *
You barely miss the redback.
The redback is moderately wounded.
You feel sick.
The redback bites you but does no damage. x2
You bump into the rock wall.
You feel sick. The redback bites you!
You die...

, , ,, * ,,, .## , ,*
..### , , ##>.. ,, ,*, ≈
* ...##### ** , * *
##..##..# *,, ,***
#...##..## ,
,####...#..#.# ,, ,
#..#@#^.#...###### , ,
,#.†s...#.......#4## *
#.†..#......##....#
...........##.^#...#....#
,
#..##....##.####..#..####
, , ....#... .#
#...#...## , *,
#.....##.... #..#.#...# ,
* ..#...# ###..
#.......### ,, ......
,**, ....#.#...#..#


You could see a redback.

Vanquished Creatures
  Kirke (Lair:5)
  A ghost moth (Spider:1)
  Nessos (Lair:4)
  6 death yaks (Lair:6)
  6 orc high priests (Orc:2)
  A lindwurm (Lair:5)
  An orc knight (Orc:2)
  Pikel (D:8)
  An orb spider (Spider:1)
  3 wolf spiders (Spider:1)
  3 orc sorcerers
  5 elephants (Lair:5)
  2 merfolk sirens (Lair:3)
  A black mamba (Lair:5)
  A torpor snail (Lair:6)
  8 spiny frogs
  6 komodo dragons
  2 demonic crawlers (Spider:1)
  2 trolls
  A jumping spider (Spider:1)
  3 polar bears (Lair:6)
  4 hornets (Lair:6)
  Grinder (D:6)
  7 blink frogs
  2 dream sheep (Lair:6)
  9 hippogriffs
  7 redbacks
  A tarantella (Spider:1)
  51 yaks
  10 spriggans (Lair:6)
  3 wraiths (Lair:4)
  4 basilisks
  Grum (D:8)
  3 hogs (Lair:5)
  A death yak simulacrum (IceCv)
  8 wargs
  5 porcupines
  8 water moccasins
  16 orc warriors
  2 sky beasts
  3 black bears (Lair:6)
  An eye of draining (D:9)
  An ice beast (D:9)
  A phantom (D:4)
  8 ogres
  5 boggarts (Lair:6)
  A necrophage (D:7)
  21 wolves
  9 crocodiles
  16 bullfrogs
  A wyvern zombie (D:9)
  A wyvern skeleton (D:9)
  A scorpion (D:5)
  An elephant simulacrum (IceCv)
  A swamp dragon simulacrum (IceCv)
  2 howler monkeys (D:8)
  3 electric eels
  A centaur zombie (D:8)
  2 crimson imps (D:5)
  A quasit (D:10)
  A jelly (D:10)
  30 orc priests
  3 hounds
  21 orc wizards
  2 centaur skeletons
  8 worker ants
  A polar bear simulacrum (IceCv)
  2 hound zombies
  A hound skeleton (D:9)
  2 worker ant zombies
  A howler monkey skeleton (D:9)
  4 gnolls (D:5)
  5 adders
  A river rat (D:5)
  2 shadow imps
  An ooze (D:1)
  3 adder skeletons (D:5)
  A worm (D:5)
  2 dart slugs (D:1)
  4 leopard geckos
  98 orcs
  A ball python (D:3)
  2 giant cockroaches (D:6)
  5 hobgoblins
  7 jackals
  3 kobolds
  A quokka (D:9)
  2 bats (D:1)
  3 frilled lizards
  A jackal zombie (D:6)
  A quokka zombie (D:5)
  4 rats (D:5)
  5 fungi
  A plant (Lair:1)
  2 toadstools (D:3)
510 creatures vanquished.

Vanquished Creatures (collateral kills)
  An orc warlord (Orc:2)
  Josephine (Lair:4)
  4 hydras
  A demonic crawler (Spider:1)
  A hornet (Lair:6)
  A polar bear (Lair:6)
  A hippogriff (Lair:4)
  A dream sheep (Lair:6)
  A tarantella (Spider:1)
  2 redbacks (Spider:1)
  A wraith (Lair:4)
  3 yaks (Lair:3)
  A wolf (Lair:6)
  2 plants (Lair:6)
21 creatures vanquished.

Vanquished Creatures (others)
  A slave (D:8)
  A statue (D:8)
  A fungus (Lair:1)
  A toadstool (D:3)
4 creatures vanquished.

Grand Total: 535 creatures vanquished

Notes
Turn   | Place    | Note
-------+----------+-------------------------------------------
     0 | D:1      | Flugslaktarn the Deep Dwarf Fighter began the quest for the
                  | Orb.
     0 | D:1      | Reached XP level 1. HP: 20/20 MP: 1/1
    31 | D:1      | Reached XP level 2. HP: 22/27 MP: 2/2
   234 | D:3      | Reached skill level 3 in Axes
   234 | D:3      | Reached XP level 3. HP: 20/33 MP: 3/3
   379 | D:4      | Noticed a bullfrog
   382 | D:4      | Reached XP level 4. HP: 37/42 MP: 4/4
   389 | D:4      | Killed a bullfrog
   389 | D:4      | Reached skill level 4 in Axes
   435 | D:4      | Reached XP level 5. HP: 31/49 MP: 5/5
   439 | D:4      | Noticed a phantom
   491 | D:4      | Killed a phantom
   556 | D:4      | Reached XP level 6. HP: 47/57 MP: 5/5
   805 | D:4      | Found a glowing silver altar of Zin.
   987 | D:5      | Entered Level 5 of the Dungeon
   994 | D:5      | HP: 2/57 [ogre/+0 giant club (11)]
  1003 | D:5      | Reached skill level 5 in Axes
  1096 | D:5      | Noticed a sky beast
  1107 | D:5      | Killed a sky beast
  1107 | D:5      | Reached XP level 7. HP: 55/64 MP: 5/5
  1148 | D:5      | Reached skill level 5 in Armour
  1148 | D:5      | Reached skill level 5 in Shields
  1310 | D:6      | Found a staircase to the Ecumenical Temple.
  1324 | D:6      | Reached skill level 6 in Axes
  1331 | Temple   | Entered the Ecumenical Temple
  1431 | Temple   | Became a worshipper of Makhleb the Destroyer
  1586 | D:5      | Reached skill level 1 in Invocations
  1678 | D:5      | Found Ustrouc's Magic Scroll Shoppe.
  1684 | D:5      | Bought a scroll of teleportation for 42 gold pieces
  1684 | D:5      | Bought a scroll of teleportation for 42 gold pieces
  1684 | D:5      | Bought a scroll of fear for 49 gold pieces
  2267 | D:6      | Reached * piety under Makhleb
  2379 | D:6      | Reached XP level 8. HP: 49/73 MP: 7/7
  2418 | D:6      | Noticed Grinder
  2419 | D:6      | Paralysed by Grinder for 6 turns
  2439 | D:6      | Killed Grinder
  2439 | D:6      | Reached skill level 7 in Axes
  2779 | D:6      | Reached skill level 5 in Fighting
  3346 | D:7      | Found a basalt altar of Yredelemnul.
  3666 | D:7      | Found Veowurei's Magic Scroll Boutique.
  3674 | D:7      | Bought a scroll of blinking for 97 gold pieces
  3822 | D:8      | Noticed Pikel
  3841 | D:8      | Killed Pikel
  3841 | D:8      | Reached skill level 8 in Axes
  3841 | D:8      | Gained mutation: You passively map the area around you.
                  | [Deep Dwarf growth]
  3841 | D:8      | Reached XP level 9. HP: 63/81 MP: 6/6
  3908 | D:8      | Found a radiant altar of Vehumet.
  3918 | D:8      | Reached ** piety under Makhleb
  3943 | D:8      | Noticed Grum
  3971 | D:8      | Reached skill level 5 in Invocations
  3980 | D:8      | Killed Grum
  4348 | D:9      | Found a stormy altar of Qazlal.
  4348 | D:9      | Found a snail-covered altar of Cheibriados.
  4349 | D:9      | Found a blossoming altar of Fedhas.
  4357 | D:9      | Reached skill level 9 in Axes
  4487 | D:9      | Found a staircase to the Lair.
  4537 | D:9      | Noticed a troll
  4543 | D:9      | Reached XP level 10. HP: 63/91 MP: 0/8
  4590 | Lair:1   | Entered Level 1 of the Lair of Beasts
  4594 | Lair:1   | Noticed a spiny frog
  4610 | D:9      | Reached skill level 10 in Axes
  4888 | D:9      | Found Lafebass's Jewellery Shop.
  4931 | D:9      | Reached *** piety under Makhleb
  5111 | Lair:1   | Killed a spiny frog
  5368 | Lair:1   | Reached skill level 11 in Axes
  5645 | Lair:1   | Noticed a spiny frog
  5657 | Lair:1   | Killed a spiny frog
  5657 | Lair:1   | Reached XP level 11. HP: 54/100 MP: 5/7
  6655 | Lair:3   | Noticed a six-headed hydra
  6675 | Lair:3   | Killed an eight-headed hydra
  6743 | Lair:3   | Reached **** piety under Makhleb
  6953 | Lair:3   | Reached skill level 12 in Axes
  6958 | Lair:3   | Got an ichor-stained shield
  6969 | Lair:3   | Identified the +3 shield "Odaigir" {Dex+4 Stlth+} (You
                  | found it on level 3 of the Lair of Beasts)
  7217 | Lair:3   | Found a staircase to the Shoals.
  7500 | Lair:4   | Found a hole to the Spider Nest.
  7542 | Lair:4   | Found a frozen archway.
  7646 | IceCv    | Entered an ice cave
  7848 | Lair:4   | Reached XP level 12. HP: 58/110 MP: 6/6
  7898 | Lair:4   | Got a dazzling ring mail
  7989 | Lair:4   | Noticed Nessos
  8025 | Lair:4   | Killed Nessos
  8047 | Lair:4   | Noticed Josephine
  8085 | Lair:4   | Killed Josephine
  8584 | Lair:5   | Reached skill level 10 in Invocations
  8595 | Lair:5   | Reached skill level 13 in Axes
  8595 | Lair:5   | Reached skill level 10 in Shields
  8606 | Lair:5   | Reached skill level 10 in Armour
  8621 | Lair:5   | Reached ***** piety under Makhleb
  8688 | Lair:5   | Noticed Kirke
  8695 | Lair:5   | Noticed a sphinx
  8710 | Lair:5   | Killed Kirke
  9099 | Lair:5   | Noticed a five-headed hydra
  9110 | Lair:5   | Killed a six-headed hydra
  9332 | Lair:6   | Entered Level 6 of the Lair of Beasts
  9482 | Lair:6   | Noticed a five-headed hydra
  9486 | Lair:6   | Reached XP level 13. HP: 79/121 MP: 4/4
  9861 | Lair:6   | Found a staircase to the Slime Pits.
  9905 | Lair:6   | Reached skill level 14 in Axes
 10544 | Lair:6   | Got a pair of warped boots
 10555 | Lair:6   | Identified the +0 pair of boots of the Hot Ocelot {rElec
                  | Regen+ Int+3 SInv} (You found it on level 6 of the Lair of
                  | Beasts)
 10944 | D:10     | Entered Level 10 of the Dungeon
 11186 | D:10     | Reached skill level 15 in Axes
 11198 | D:10     | Found a staircase to the Orcish Mines.
 11419 | Orc:1    | Entered Level 1 of the Orcish Mines
 11539 | Orc:1    | Reached ****** piety under Makhleb
 12026 | Orc:2    | Entered Level 2 of the Orcish Mines
 12051 | Orc:2    | Found a staircase to the Elven Halls.
 12245 | Orc:2    | Gained mutation: You resist negative energy. (rN+) [Deep
                  | Dwarf growth]
 12245 | Orc:2    | Reached XP level 14. HP: 67/130 MP: 5/5
 12308 | Orc:2    | Found Osookuj's Gadget Shop.
 12332 | Orc:2    | Found Fuang's Weapon Emporium.
 12389 | Orc:2    | Found Logassesm's Assorted Antiques.
 12428 | Orc:2    | Bought 3 scrolls labeled ZEELUA CUXZIN for 78 gold pieces
 12428 | Orc:2    | Bought a steel ring for 130 gold pieces
 12428 | Orc:2    | Bought a scroll of enchant weapon for 195 gold pieces
 12429 | Orc:2    | Identified the +5 ring mail "Qaonuarch" {-Cast Str+4 Dex+3
                  | SInv} (You found it on level 4 of the Lair of Beasts)
 12440 | Orc:2    | Found Foemnimm's Food Emporium.
 12455 | Orc:2    | Identified 3 scrolls of acquirement
 12509 | Orc:2    | Reached skill level 10 in Fighting
 12609 | Orc:2    | Noticed an orc warlord
 12646 | Orc:2    | Killed an orc warlord
 12838 | Orc:2    | Found a deep blue altar of Sif Muna.
 13045 | Spider:1 | Entered Level 1 of the Spider Nest
 13108 | Spider:1 | Noticed a ghost moth
 13122 | Spider:1 | Killed a ghost moth
 13262 | Spider:1 | Slain by a redback

Vault maps used:
D:1:      dpeg_arrival_more_subterranean_lakeside_camping, st_stairs_12,
          minmay_indecisive_spiral
D:2:      first_ration
D:3:      minmay_gold_behind_fungi, uniq_terence
D:4:      zin_statuary
D:5:      portal_sewer_entry_b, serial_shops, shop
D:6:      minmay_temple_entry_statues_fountains, minmay_misc_feat_more_columns,
          uniq_grinder
D:7:      overflow_temple_1_default, serial_shops, shop, grunt_ogre_cave
D:8:      vehumet_statue, uniq_pikel, uniq_grum
D:9:      chequers_temple_overflow_statue_of_worship, lair_entry_dummy,
          serial_shops, shop
D:10:     david_orc_2
Temple:   nicolae_temple_elliptical
Lair:1:   wad_woods_pond, serial_bayou_pond_b
Lair:2:   grunt_megastairs_3
Lair:3:   elwin_shoals_entry_rooms, beast_lair_carwin_8
Lair:4:   spider_nest_entry_webs, portal_ice_cave_entry_pillars_1,
          lemuel_fruit_tree, uniq_josephine, uniq_nessos
Lair:5:   uniq_kirke
Lair:6:   minmay_lair_end_enchanted_forest, slime_dummy, serial_bayou_shore_a
Spider:1: hangedman_spider_tarantella_strand
Orc:1:    mines3_lemuel
Orc:2:    st_orc_town, led_sif_book
IceCv:    ice_cave_small_necro

Skill      XL: |  1  2  3  4  5  6  7  8  9 10 11 12 13 14 |
---------------+-------------------------------------------+-----
Axes           | 3 4 5 6 8 9 11 12 13 15 | 15.7
Fighting       | 3 4 5 6 7 8 9 10 | 10.2
Armour         | 4 5 6 7 8 9 10 11 | 11.9
Shields        | 4 5 6 7 8 9 10 11 | 11.9
Invocations    | 2 4 6 8 9 11 12 | 12.8

Action                   |  1- 3 |  4- 6 |  7- 9 | 10-12 | 13-15 || total
-------------------------+-------+-------+-------+-------+-------++-------
Melee: War axe           |    79 |    92 |   396 |   752 |   579 ||  1898
       Unarmed           |       |       |       |     1 |       ||     1
       Broad axe         |       |       |       |       |   133 ||   133
Invok: Lesser Servant of |       |       |       |     7 |     8 ||    15
 Abil: Heal Wounds       |     1 |     6 |    14 |    42 |    11 ||    74
Evoke: Wand              |       |       |       |     6 |       ||     6
  Use: Scroll            |       |     3 |     7 |     4 |     9 ||    23
       Potion            |       |       |     3 |     1 |     1 ||     5
 Stab: Distracted        |       |       |       |     1 |     3 ||     4
  Eat: Chunk             |       |       |     7 |    13 |    11 ||    31
       Ration            |       |       |     2 |     1 |       ||     3
Armor: Scale mail        |    30 |    39 |   101 |       |       ||   170
       Chain mail        |       |       |    96 |   366 |   273 ||   735
Dodge: Dodged            |    26 |    25 |   105 |   184 |   172 ||   512
Block: Shield            |    37 |    51 |   247 |   555 |   535 ||  1425

Table legend:
 A = Non-vault XP
 B = Vault XP
 C = Vault XP percentage of total XP
 D = Non-vault monster count
 E = Vault monster count
 F = Vault count percentage of total count
                 A         B        C        D         E       F
            +---------+---------+-------+---------+---------+-------
      Total |   53051 |   26558 |  33.4 |     364 |     157 |  30.1
            +---------+---------+-------+---------+---------+-------
        D:1 |      16 |      10 |  38.5 |       6 |       4 |  40.0
        D:2 |       5 |       0 |   0.0 |       3 |       0 |   0.0
        D:3 |      59 |       0 |   0.0 |      14 |       0 |   0.0
        D:4 |     365 |       0 |   0.0 |       9 |       0 |   0.0
        D:5 |     716 |      17 |   2.3 |      29 |       5 |  14.7
        D:6 |     758 |     272 |  26.4 |      31 |       1 |   3.1
        D:7 |     233 |     113 |  32.7 |       6 |       1 |  14.3
        D:8 |     447 |    1055 |  70.2 |      18 |       4 |  18.2
        D:9 |    3367 |       0 |   0.0 |      31 |       0 |   0.0
       D:10 |    2423 |     287 |  10.6 |      20 |       7 |  25.9
     Lair:1 |    3165 |     780 |  19.8 |      16 |       6 |  27.3
     Lair:2 |    1343 |       0 |   0.0 |       7 |       0 |   0.0
     Lair:3 |    5861 |    2181 |  27.1 |      28 |       9 |  24.3
     Lair:4 |    1192 |    3696 |  75.6 |       6 |       9 |  60.0
     Lair:5 |    6344 |    2662 |  29.6 |      19 |       4 |  17.4
     Lair:6 |   12873 |    8001 |  38.3 |      34 |      48 |  58.5
   Spider:1 |    6770 |       0 |   0.0 |      17 |       0 |   0.0
      Orc:1 |    2303 |       0 |   0.0 |      35 |       0 |   0.0
      Orc:2 |    4811 |    7151 |  59.8 |      35 |      55 |  61.1
      IceCv |       0 |     333 | 100.0 |       0 |       4 | 100.0
            +---------+---------+-------+---------+---------+-------
